 Dungeon Crawl Stone Soup version 0.29.1-2-gbd0b4ee654 (webtiles) character file.

Game seed: 3253450438448348035

55 Goreval the Ruffian (level 3, -4/31 HPs)
             Began as a Naga Transmuter on Nov 20, 2022.
             Slain by a gnoll
             ... wielding a +1 flail of protection
              (6 damage)
             ... on level 2 of the Dungeon.
             The game lasted 00:05:54 (1865 turns).

Goreval the Ruffian (Naga Transmuter)               Turns: 1865, Time: 00:05:55

Health: -4/31      AC:  2    Str:  9 (12) XL:     3   Next: 93%
Magic:  0/6        EV:  9    Int: 18 (21) God:
Gold:   121        SH:  0    Dex:  8 (11) Spells: 0/6 levels left

rFire   . . .      SeeInvis +     - Unarmed
rCold   . . .      Faith    .   (no shield)
rNeg    . . .      Spirit   .   a - +0 robe
rPois   +          Reflect  .   (helmet currently unavailable)
rElec   .          Harm     .   (no cloak)
rCorr   .          Rampage  .   (no gloves)
Will    .....                   (no barding)
Stlth   +.........              (no amulet)
HPRegen 0.10/turn               h - +6 ring of intelligence
MPRegen 0.10/turn               (no ring)

@: appendages, wereblooded, very slightly contaminated, very slow
A: horns 2, AC +1, large, see invisible, deformed body, poison resistance,
slowness 2, spit poison 1, naga tail 1
a: Spit Poison, End Transformation


You were on level 2 of the Dungeon.
You had temporarily grown beastly horns.
You visited 1 branch of the dungeon, and saw 2 of its levels.

You collected 121 gold pieces.

Inventory:

Missiles
 e - 16 stones
Armour
 a - a +0 robe (worn)
 g - a +0 cloak
Jewellery
 h - a +6 ring of intelligence (left hand)
Scrolls
 d - 4 scrolls of identify {unknown}
 i - a scroll of blinking {unknown}
 j - a scroll of vulnerability {unknown}
Potions
 b - a potion of lignification
 c - a potion of heal wounds {unknown}
 f - 2 potions of degeneration
 k - a potion of might {unknown}


   Skills:
 + Level 1.5 Fighting
 + Level 1.8 Dodging
 * Level 3.4 Unarmed Combat
 + Level 2.2 Spellcasting
 * Level 2.8 Transmutations
 * Level 1.0 Poison Magic


You couldn't memorise any spells.
You knew the following spells:

 Your Spells              Type           Power      Damage    Failure   Level
a - Beastly Appendage     Tmut           24%        N/A       5%          1
b - Wereblood             Tmut           12%        N/A       9%          2
c - Spider Form           Tmut/Pois      8%         N/A       24%         3

Your spell library contained the following spells:

 Spells                   Type           Power      Damage    Failure   Level
 Ice Form                 Ice/Tmut       7%         N/A       69%         4


Dungeon Overview and Level Annotations

Branches:
Dungeon (2/15)

Altars:


Innate Abilities, Weirdness & Mutations

You have temporarily grown beastly horns.
Your serpentine skin is tough. (AC +1)
You have supernaturally acute eyesight. (SInv)
Armour fits poorly on your strangely shaped body.
Your system is resistant to poisons. (rPois)
You cover ground very slowly.
You can spit poison.
You have a snake-like lower body.


Message History

Your Poison Magic skill increases to level 1!
You have got your breath back.
f - 3 gluggy clear potions (gained 1)
Found a stone staircase leading down.
There is a stone staircase leading down here.
There is a stone staircase leading up here.
Aim: a gnoll, wielding a +1 flail of protection (wandering, hasn't noticed you, 65% to hit)
The splash of poison misses the gnoll.
You grow a pair of large bovine horns.
Your blood is infused with primal strength.
You hit the gnoll but do no damage.
The gnoll hits you with a +1 flail of protection!
You hit the gnoll but do no damage.
You have got your breath back.
The gnoll hits you with a +1 flail of protection!
You hit the gnoll but do no damage.
The gnoll hits you with a +1 flail of protection!
* * * LOW HITPOINT WARNING * * *
Here: a gnoll, wielding a +1 flail of protection The floor.
You hit the gnoll but do no damage. The gnoll barely misses you.
You hit the gnoll but do no damage.
You headbutt the gnoll, but do no damage.
The gnoll hits you with a +1 flail of protection.
* * * LOW HITPOINT WARNING * * *
Okay, then.
It was a potion of degeneration.
There was something very wrong with that liquid.
You feel weakened.
You feel dopey.
You feel clumsy. The gnoll closely misses you.
Okay, then.
Okay, then.
The spell is quite dangerous to miscast (24% risk of failure)!
Continue anyway?
You miscast Spider Form.
You are very lightly contaminated with residual magic.
Nothing appears to happen.
The gnoll hits you with a +1 flail of protection.
You die...

#.##.#.#####.###...#.....#...##
#..
#.......)....#......#........#
#..
####.♣♣♣♣♣♣..#.............#.##
#.. #. ♣♣........#.........#
##. # ♣♣.......#...).....####.
♣♣..#.............#....
♣♣.....#.......#.#.##.
♣.#g###.............. ♣.#@#
#.........#.##. ..#.#
#.............. g.##.#
####<######.... ... ..# #.#
####. .... ### ##.###### #.
....# #....>..####. ....#
#..####.##... ##.#.###.##...
#.###.##.##...


You could see a gnoll.

Vanquished Creatures
  A gnoll (D:1)
  A worm (D:2)
  2 dart slugs (D:1)
  4 endoplasms
  A giant cockroach (D:2)
  3 goblins
  5 hobgoblins
  A quokka (D:1)
  6 ball pythons
  5 bats
  4 frilled lizards
  2 kobolds (D:1)
  3 rats
38 creatures vanquished.

Vanquished Creatures (others)
  10 plants (D:2)
10 creatures vanquished.

Grand Total: 48 creatures vanquished

Notes
Turn   | Place    | Note
-------+----------+-------------------------------------------
     0 | D:1      | Goreval the Naga Transmuter began the quest for the Orb.
     0 | D:1      | Reached XP level 1. HP: 18/18 MP: 3/3
   268 | D:1      | Reached XP level 2. HP: 18/25 MP: 3/5
   272 | D:1      | Learned a level 2 spell: Wereblood
   830 | D:1      | Reached XP level 3. HP: 25/31 MP: 4/6
   834 | D:1      | Learned a level 3 spell: Spider Form
  1641 | D:2      | Reached skill level 1 in Poison Magic
  1865 | D:2      | Slain by a gnoll

Illustrated notes

Levels and vault maps discovered:
D:1:      scummos_arrival_checkerplants, layout_loops_cross
D:2:      layout_loops_cross, dilly_ecumenical_altar_fadedgnrine

Skill      XL: |  1  2  3 |
---------------+----------+-----
Poison Magic   | 1 |  1.0
Fighting       | |  1.5
Dodging        | |  1.8
Unarmed Combat | |  3.4
Spellcasting   | |  2.2
Transmutations | |  2.8

Action                   || total
-------------------------++-------
Melee: Unarmed           ||    55
       Headbutt          ||     5
       Punch             ||     1
 Cast: Beastly Appendage ||    20
       Wereblood         ||     1
 Abil: Spit Poison       ||    40
  Use: Potion            ||     1
Armor: Robe              ||     6
Dodge: Dodged            ||    29
